 Dungeon Crawl Stone Soup version 0.27-a0-1196-g3e9cee4cb2 (webtiles) character file.

Game seed: 176933862155316347

111 streetpizza the Ducker (level 5, 0/57 HPs)
             Began as a Djinni Fire Elementalist on May 28, 2021.
             Slain by an orc
             ... wielding a +0 short sword
              (1 damage)
             ... on level 3 of the Dungeon.
             The game lasted 00:09:00 (3671 turns).

streetpizza the Ducker (Djinni Fire Elementalist)   Turns: 3671, Time: 00:09:01

Health: 0/57       AC:  3    Str:  7    XL:     5   Next: 15%
Gold:   112        EV: 13    Int: 17    God:
                   SH:  0    Dex: 14

rFire    + . .     SeeInvis .   s - +0 long sword
rCold    . . .     Faith    .   (no shield)
rNeg     . . .     Spirit   .   a - +0 robe
rPois    ∞         Reflect  .   (no helmet)
rElec    .         Harm     .   (no cloak)
rCorr    .         Rampage  .   o - +0 pair of gloves
Will     .....                  (boots unavailable)
Stlth    ..........             (no amulet)
HPRegen  0.19/turn              f - ring of ice
MPRegen  0.00/turn              (no ring)

@: mighty, berserking, attractive, flying, very quick
A: sickness immunity, fire resistance 2, cold vulnerability 1, float, innate
caster, hp casting, extra vitality 1
a: no special abilities


You were on level 3 of the Dungeon.
You visited 1 branch of the dungeon, and saw 3 of its levels.

You collected 112 gold pieces.

Inventory:

Hand Weapons
 b - a +0 club
 d - a +0 short sword
 s - a +0 long sword (weapon)
Missiles
 c - 108 stones
 m - a throwing net
Armour
 a - a +0 robe (worn)
 o - a +0 pair of gloves (worn)
Jewellery
 f - a ring of ice (left hand)
Wands
 h - a wand of mindburst (17)
Scrolls
 g - a scroll of enchant armour {unknown}
 i - a scroll of identify {unknown}
 j - a scroll of summoning {unknown}
 n - a scroll of teleportation {unknown}
 r - a scroll of enchant weapon {unknown}
Potions
 l - a potion of attraction
 q - a potion of brilliance {unknown}


   Skills:
 + Level 2.0 Fighting
 + Level 1.4 Long Blades
 + Level 3.3 Dodging
 - Level 1.5 Stealth
 + Level 3.0 Spellcasting


You couldn't memorise any spells.
You knew the following spells:

 Your Spells              Type           Power      Damage    Failure   Level
a - Foxfire               Conj/Fire      48%        2x1d6     4%          1
b - Conjure Flame         Conj/Fire      12%        6-21      16%         3
c - Inner Flame           Hex/Fire       12%        N/A       16%         3
d - Sticky Flame          Conj/Fire      12%        2d4       45%         4
e - Fireball              Conj/Fire      6%         3d5       80%         5
f - Sting                 Tmut/Pois      48%        1d5       4%          1
g - Wereblood             Tmut           12%        N/A       8%          2
Your spell library was empty.

Dungeon Overview and Level Annotations

Branches:
Dungeon (3/15)

Altars:
Vehumet

Annotations:
D:2 Sigmund


Innate Abilities, Weirdness & Mutations

You are immune to sickness and miasma.
You are immune to poison.
Your flesh is very heat resistant. (rF++)
You are vulnerable to cold. (rC-)
You float through the air rather than walking.
You learn spells naturally, not from books.
Your magical power is your life essence.
You have superior vitality. (+4 HP)


Message History

You closely miss the giant cockroach. Something hits you.
* * * LOW HITPOINT WARNING * * *
The orc barely misses you.
It was a potion of might.
You feel very mighty all of a sudden.
The giant cockroach bites you but does no damage.
The orc priest hits you but does no damage.
Something hits you but does no damage. The giant cockroach barely misses you.
The orc hits you with a +0 short sword.
* * * LOW HITPOINT WARNING * * *
You slash the orc priest!
The orc priest is heavily wounded.
The orc priest misses you.
The giant cockroach bites you but does no damage.
Something hits you.
* * * LOW HITPOINT WARNING * * *
The orc closely misses you.
The orc priest hits you but does no damage.
Unknown command.
You slash the orc priest!
You kill the orc priest!
The giant cockroach misses you. Something hits you.
* * * LOW HITPOINT WARNING * * *
The orc hits you with a +0 short sword.
* * * LOW HITPOINT WARNING * * *
The giant cockroach barely misses you.
Your Fighting skill increases to level 2!
Your Spellcasting skill increases to level 3!
You have reached level 5!
The power to cast Wereblood wells up from within.
Spell assigned to 'g'.
It was a potion of berserk rage.
A red film seems to cover your vision as you go berserk!
You feel yourself moving faster!
You feel mighty! Something barely misses you.
The orc hits you with a +0 short sword.
* * * LOW HITPOINT WARNING * * *
The giant cockroach bites you but does no damage.
You barely miss the orc. Something barely misses you.
The orc hits you with a +0 short sword.
You die...

### #..
#######################..
......[{@o............'..
#......B)##############..
#......[.# #.....
#........# ######.....
#........# ...........
#........# ........##.
+......... ..........≈
#.......?# ..........≈
.........≈≈


You could see an orc and a giant cockroach.

Vanquished Creatures
  An orc priest (D:3)
  3 adders (D:2)
  A worm (D:2)
  A dart slug (D:3)
  2 orcs (D:3)
  An endoplasm (D:1)
  2 giant cockroaches (D:2)
  5 goblins
  6 hobgoblins
  8 jackals
  A quokka (D:1)
  A ball python (D:2)
  4 bats
  3 frilled lizards (D:1)
  3 kobolds
  A rat (D:2)
43 creatures vanquished.

Vanquished Creatures (others)
  116 foxfires
  5 fungi (D:2)
  4 plants (D:2)
125 creatures vanquished.

Grand Total: 168 creatures vanquished

Notes
Turn   | Place    | Note
-------+----------+-------------------------------------------
     0 | D:1      | streetpizza the Djinni Fire Elementalist began the quest
                  | for the Orb.
     0 | D:1      | Reached XP level 1. HP: 15/15 MP: 0/0
   529 | D:1      | Reached XP level 2. HP: 10/22 MP: 0/0
   797 | D:1      | Reached skill level 1 in Fighting
  1766 | D:1      | Reached XP level 3. HP: 26/27 MP: 0/0
  1766 | D:1      | Learned a level 1 spell: Sting
  2711 | D:2      | Reached XP level 4. HP: 28/32 MP: 0/0
  2790 | D:2      | Reached skill level 1 in Long Blades
  2901 | D:2      | Found a faded altar of an unknown god.
  2911 | D:2      | Noticed Sigmund
  3670 | D:3      | Reached XP level 5. HP: 4/38 MP: 0/0
  3670 | D:3      | Learned a level 2 spell: Wereblood
  3670 | D:3      | HP: 1/57 [orc/+0 short sword (5)]
  3671 | D:3      | Slain by an orc

Illustrated notes

Levels and vault maps discovered:
D:1:      amcnicky_arrival_wind_blow, layout_loops_corners, grunt_decor_clamped,
          wander_ebering_terrifying_dragon_lair
D:2:      layout_basic, shapermc_ecumenical_altar_mp_ritualfount,
          minmay_pentomino_s2, uniq_sigmund
D:3:      layout_basic, vehumet_crystals, chequers_serial_rivers_large_a

Skill      XL: |  1  2  3  4 |
---------------+-------------+-----
Fighting       | 1 2 |  2.0
Dodging        | 3 |  3.3
Long Blades    | 1 |  1.4
Spellcasting   | 3 |  3.0
Stealth        | |  1.5

Action                   |  1- 3 |  4- 6 || total
-------------------------+-------+-------++-------
Melee: Club              |    21 |       ||    21
       Unarmed           |     1 |       ||     1
       Short sword       |    27 |     6 ||    33
       Long sword        |       |     4 ||     4
 Cast: Foxfire           |    39 |    26 ||    65
  Use: Potion            |       |     4 ||     4
 Stab: Sleeping          |     4 |     1 ||     5
Armor: Robe              |    15 |    10 ||    25
Dodge: Dodged            |    47 |    25 ||    72
       Rpst.: Long sword |       |     2 ||     2

Table legend: (Time is in decaauts)
 A = Elapsed time spent in this place.
 B = Non-inter-level travel time spent in this place.
 C = Inter-level travel time spent in this place.
 D = Time resting spent in this place.
 E = Time spent auto-exploring this place.
 F = Levels seen in this place.
 G = Mean time per level.
                   A        B        C        D        E       F      G
               +--------+--------+--------+--------+--------+-----+--------+
         Total |   3678 |   3631 |     47 |      0 |   3227 |   3 | 1226.0 |
       Dungeon |   3678 |   3631 |     47 |      0 |   3227 |   3 | 1226.0 |
               +--------+--------+--------+--------+--------+-----+--------+

Top non-repeatable levels by time:
     D:1: 2045 daAuts
     D:2: 1028 daAuts
     D:3: 604 daAuts
